 Dungeon Crawl Stone Soup version 0.20-a0-222-gb69ddcd (webtiles) character file.

224 patrickswayze the Sneak (level 5, -2/46 HPs)
             Began as a Deep Elf Chaos Knight on Nov 30, 2016.
             Slain by a rust devil (10 damage)
             ... summoned by Xom
             ... on level 3 of the Dungeon.
             The game lasted 00:03:30 (2464 turns).

patrickswayze the Sneak (Deep Elf Chaos Knight)     Turns: 2464, Time: 00:03:31

Health: -2/46      AC:  2    Str: 14    XL:     5   Next: 67%
Magic:  7/7        EV:  2    Int: 17    God:    Xom [......]
Gold:   117        SH:  0    Dex: 20    Spells: 4/4 levels left

rFire  . . .     SeeInvis .     a - +2 dagger (venom)
rCold  . . .     Gourm    .     (armour currently unavailable)
rNeg   + + +     Faith    .     (no shield)
rPois  +         Spirit   .     (helmet currently unavailable)
rElec  .         Reflect  .     (cloak currently unavailable)
rCorr  .         Harm     .     (gloves currently unavailable)
MR     .....     NoTele   +     (boots currently unavailable)
Stlth  +++++.....               (no amulet)
                                (no ring)
                                (no ring)

@: mighty, agile, tree-form, corroded
A: no striking features
a: Renounce Religion


You were on level 3 of the Dungeon.
You worshipped Xom.
You were a very special plaything of Xom.
You were not hungry.
You were a tree.
You visited 1 branch of the dungeon, and saw 3 of its levels.

You collected 117 gold pieces.


   Skills:
 - Level 2.4 Fighting
 - Level 3.0 Short Blades
 - Level 0.7 Armour
 - Level 2.4 Dodging
 + Level 7.3 Stealth


You had 4 spell levels left.
You didn't know any spells.

Inventory:

Hand Weapons
 a - a +2 dagger of venom (weapon)
 b - a +0 short sword of chaos
Missiles
 o - 40 stones
 u - 2 javelins of penetration (quivered)
Armour
 f - a +0 pair of gloves
 m - a cursed +0 cloak (melded)
 v - a +2 leather armour (melded)
Scrolls
 d - 2 scrolls of amnesia
 g - a scroll of recharging {unknown}
 i - a scroll of random uselessness {unknown}
 k - a scroll of noise {unknown}
 p - a scroll of magic mapping {unknown}
 r - 2 scrolls of teleportation {unknown}
 y - a scroll of identify
 z - 4 scrolls of blinking {unknown}
 A - a scroll of immolation {unknown}
Potions
 e - 2 potions of haste
 h - 2 potions of curing
 l - a potion of agility
Comestibles
 c - 2 bread rations
 n - a beef jerky
 q - 3 chunks of flesh
 s - 2 meat rations


Message History

It was a potion of might.
You feel very mighty all of a sudden. The gnoll hits you but does no damage.
The rust devil hits you. The rust devil corrodes you!
You swing at nothing.
The rust devil hits you. The rust devil corrodes you!
The gnoll hits you but does no damage.
You nearly hit yourself!
The rust devil hits you. The rust devil corrodes you!
The gnoll hits you from afar with a halberd!
You swing at nothing.
The rust devil hits you. The rust devil corrodes you!
You swing at nothing.
You feel less invigorated.
You feel less confused.
The rust devil looks more healthy.
The gnoll hits you from afar with a halberd!
The rust devil hits you. The rust devil corrodes you!
You hit the rust devil but do no damage.
The rust devil is lightly wounded.
The gnoll hits you from afar with a halberd!
* * * LOW HITPOINT WARNING * * *
The rust devil hits you!
You die...

######.######
..............
#######...g...
#.#####g #####
#....##.
#.45###.##.##.
#.#..g.g......
#####.#.4##.......
#74g5g#.........##
###########...#.#
#......<#
#......##
##......#
>#......#
.##......#
.8##......#
#......#


You could see a rust devil, 2 gnolls and a crimson imp.

Vanquished Creatures
  Jessica (D:2)
  Terence (D:2)
  Natasha (thrice) (D:2)
  6 adders
  3 leopard geckos
  2 bats
  5 giant cockroaches
  6 goblins
  5 hobgoblins
  2 jackals (D:3)
  A quokka (D:2)
  4 frilled lizards
  5 kobolds
  3 rats
47 creatures vanquished.

Notes
Turn   | Place    | Note
-------+----------+-------------------------------------------
     0 | D:1      | patrickswayze the Deep Elf Chaos Knight began the quest for the Orb.
     0 | D:1      | Reached XP level 1. HP: 13/13 MP: 3/3
     4 | D:1      | XOM: divination: magic mapping
    27 | D:1      | Reached skill level 1 in Stealth
    32 | D:1      | HP: 2/13 [hobgoblin (4)]
   569 | D:1      | Reached skill level 2 in Stealth
   613 | D:1      | Reached XP level 2. HP: 8/18 MP: 4/4
   893 | D:1      | XOM is BORED!
   893 | D:1      | XOM: harmless Pois miscast
  1021 | D:2      | Noticed Terence
  1097 | D:2      | XOM: god gift: 2 javelins of penetration
  1123 | D:2      | XOM: scenery: create altars
  1125 | D:2      | Killed Terence
  1125 | D:2      | Reached skill level 4 in Stealth
  1125 | D:2      | Reached XP level 3. HP: 10/22 MP: 5/5
  1605 | D:2      | Noticed Natasha
  1726 | D:2      | Killed Natasha
  1726 | D:2      | Reached skill level 5 in Stealth
  1726 | D:2      | Reached XP level 4. HP: 27/27 MP: 6/6
  1749 | D:2      | XOM: scenery: create altars
  1758 | D:2      | Noticed Jessica
  1767 | D:2      | Killed Jessica
  1774 | D:2      | Noticed Natasha
  1783 | D:2      | Killed Natasha
  1783 | D:2      | Reached skill level 6 in Stealth
  1783 | D:2      | Reached XP level 5. HP: 30/31 MP: 7/7
  2088 | D:2      | Noticed Natasha
  2090 | D:2      | XOM: severe Chrm miscast
  2095 | D:2      | Killed Natasha
  2095 | D:2      | Reached skill level 7 in Stealth
  2165 | D:3      | Found a snail-covered altar of Cheibriados.
  2188 | D:3      | Found a shadowy altar of Dithmenos.
  2358 | D:3      | XOM: give mutation
  2358 | D:3      | Gained mutation: You are somewhat resistant to further mutation. [Xom's grace]
  2440 | D:3      | XOM: summons 2 hostile demons
  2441 | D:3      | Noticed a rust devil
  2457 | D:3      | Lost mutation: You are somewhat resistant to further mutation. [potion of cure mutation]
  2464 | D:3      | HP: 8/46 [gnoll/halberd (9)]
  2464 | D:3      | Slain by a rust devil

Vault maps used:
D:1:      dpeg_arrival_rooms_c
D:2:      first_bread, uniq_natasha, uniq_jessica, uniq_terence
D:3:      cheibriados_altar_1, nicolae_overflow_hidden_temple,
          grunt_dithmenos_smoke_and_mirrors

Action                   |  1- 3 |  4- 6 || total
-------------------------+-------+-------++-------
Melee: Short sword       |    63 |    33 ||    96
       Dagger            |       |    43 ||    43
Throw: Javelin           |     2 |       ||     2
  Use: Potion            |     1 |     6 ||     7
       Scroll            |       |     2 ||     2
 Stab: Sleeping          |     5 |     4 ||     9
  Eat: Chunk             |     2 |     3 ||     5
Armor: Leather armour    |    12 |    20 ||    32
       Skin              |       |     7 ||     7
Dodge: Dodged            |    32 |    36 ||    68
